 Dungeon Crawl Stone Soup version 0.20-a0-1034-gb277f92 (webtiles) character file.

75931 nubinia the Thaumaturge (level 15, -1/114 HPs)
             Began as a Gnoll Air Elementalist on Apr 19, 2017.
             Was a High Priest of Vehumet.
             Slain by a spriggan rider
             ... wielding a +0 spear
              (17 damage)
             ... on level 2 of the Swamp on Apr 21, 2017.
             The game lasted 04:22:22 (27224 turns).

nubinia the Thaumaturge (Gnoll Air Elementalist)   Turns: 27224, Time: 04:22:24

Health: -1/114     AC: 14    Str:  9    XL:     15   Next: 51%
Magic:  4/38       EV: 17    Int: 20    God:    Vehumet [*****.]
Gold:   1396       SH:  0    Dex: 16    Spells: 0/34 levels left

rFire    + + .     SeeInvis .   a - +3 quarterstaff (protect)
rCold    x . .     Gourm    .   (shield currently unavailable)
rNeg     + + .     Faith    +   O - +0 fire dragon scales of the End {rF++ rC- MP+9 Int+3}
rPois    +         Spirit   .   (no helmet)
rElec    .         Reflect  .   P - +0 cloak
rCorr    .         Harm     .   (no gloves)
MR       .....                  (no boots)
Stlth    ++........             B - amulet "Nadidomo" {Faith rN++}
Regen    0.3/turn               Y - ring of poison resistance
MPRegen  0.3/turn               o - +4 ring of evasion

@: no status effects
A: short attention span, fangs 1, yellow scales 1, dopey 1, sturdy frame 1,
strong nose
a: Renounce Religion


You were on level 2 of the Swamp.
You worshipped Vehumet.
Vehumet was extremely pleased with you.
You were not hungry.

You visited 5 branches of the dungeon, and saw 23 of its levels.
You also visited: Labyrinth.

You collected 1662 gold pieces.
You spent 266 gold pieces at shops.

Inventory:

Hand Weapons
 a - a +3 quarterstaff of protection (weapon)
 b - the +7 hunting sling of Debt {velocity, rC- MR+ Int+7}
   (You took it off a minotaur in a labyrinth)

   Any stone fired from it inflicts extra damage.
   It affects your intelligence (+7).
   It makes you vulnerable to cold.
   It affects your resistance to hostile enchantments.
Missiles
 F - 64 sling bullets
Armour
 c - the +0 pair of gloves of the Cicada {*Slow Dex+2 Stlth+}
   (You acquired it on level 12 of the Dungeon)

   It affects your dexterity (+2).
   It may slow you when you take damage.
   It makes you more stealthy.
 m - a scarf of cold resistance
 y - a +2 buckler of reflection
 O - the +0 fire dragon scales of the End (worn) {rF++ rC- MP+9 Int+3}
   (You found it on level 9 of the Dungeon)

   It affects your intelligence (+3).
   It greatly protects you from fire.
   It makes you vulnerable to cold.
   It affects your magic capacity (+9).
 P - a +0 cloak (worn)
Jewellery
 i - an uncursed ring of see invisible
 o - a +4 ring of evasion (right hand)
 p - a +3 ring of protection
 w - an uncursed ring of wizardry
 B - the amulet "Nadidomo" (around neck) {Faith rN++}
   (You took it off a minotaur in a labyrinth)

   [amulet of faith]

   It allows you to gain divine favour quickly.
   It greatly protects you from negative energy.
 G - an uncursed ring of resist corrosion
 Y - a ring of poison resistance (left hand)
 Z - the ring of Temptation {rF+ rN+ MR+ Dex+5 Slay-4}
   (You found it in a labyrinth)

   [ring of positive energy]

   It affects your dexterity (+5).
   It affects your accuracy and damage with ranged weapons and melee attacks
   (-4).
   It protects you from fire.
   It protects you from negative energy.
   It affects your resistance to hostile enchantments.
Wands
 v - a wand of lightning (0/15)
 x - a wand of acid (4/15)
 A - a wand of lightning (1/15)
 C - a wand of confusion (21/48)
 M - a wand of iceblast (0/15)
 Q - a wand of flame (14/48)
 R - a wand of paralysis (1/24)
 U - a wand of disintegration (11/24)
 W - a wand of flame (2/48)
Scrolls
 n - a scroll of identify
 r - 2 scrolls of magic mapping
 t - a scroll of summoning
 u - 3 scrolls of amnesia
 z - 3 scrolls of enchant armour
 J - 8 scrolls of remove curse
 K - 3 scrolls of fog
 L - 2 scrolls of recharging
 N - a scroll of blinking
 X - 2 scrolls of teleportation
Potions
 e - 2 potions of haste
 f - a potion of heal wounds
 g - 5 potions of mutation
 h - 2 potions of brilliance
 j - 3 potions of agility
 l - 2 potions of ambrosia
 s - 11 potions of curing
 D - a potion of might
 E - 3 potions of cancellation
 I - 2 potions of resistance
 S - a potion of flight
 V - 2 potions of berserk rage
Miscellaneous
 d - a phantom mirror
 H - a box of beasts
Comestibles
 k - 19 fruits
 q - a chunk of flesh


   Skills:
 + Level 9.6 Fighting
   Level 7.4(8.9) Maces & Flails
 + Level 8.8(9.3) Staves
 + Level 8.4 Slings
 - Level 9.0 Armour
 - Level 9.0 Dodging
 + Level 8.3 Stealth
 + Level 7.9 Shields
 - Level 10.0 Spellcasting
 - Level 9.0 Conjurations
 * Level 8.1 Charms
 - Level 9.9 Necromancy
 + Level 8.9 Fire Magic
 - Level 8.3 Ice Magic
 - Level 9.3 Air Magic
 * Level 8.3 Evocations


You couldn't memorise any spells.
You knew the following spells:

 Your Spells              Type           Power        Failure   Level  Hunger
a - Shock                 Conj/Air       ####         1%          1    None
b - Airstrike             Air            #####.....   1%          4    ##.....
c - Static Discharge      Conj/Air       #####...     1%          3    None
d - Magic Dart            Conj           ####         1%          1    None
e - Sticky Flame          Conj/Fire      #####...     1%          4    ##.....
f - Iskenderun's Mystic   Conj           #####...     1%          4    ##.....
g - Freeze                Ice            ####         1%          1    None
h - Flame Tongue          Conj/Fire      #####        1%          1    None
i - Searing Ray           Conj           #####.       1%          2    None
j - Conjure Flame         Conj/Fire      #####...     1%          3    None
k - Control Undead        Necr           #####.....   4%          4    ##.....
s - Swiftness             Chrm/Air       #####...     1%          2    None
v - Vampiric Draining     Necr           #####.....   1%          3    None
S - Animate Skeleton      Necr           N/A          1%          1    None


Dungeon Overview and Level Annotations

Branches:
Dungeon (12/15)            Temple (1/1) D:5            Lair (6/6) D:8
  Swamp (2/4) Lair:3       Spider (0/4) Lair:2        Slime (0/5) Lair:5
    Orc (2/2) D:11
    Elf: Orc:2

Altars:
Ashenzari
Cheibriados
Dithmenos
Elyvilon
Fedhas
Gozag
Hepliaklqana
Kikubaaqudgha
Nemelex Xobeh
Okawaru
Qazlal
Ru
Sif Muna
Uskayaw
Vehumet
Wu Jian
Xom
Zin
The Shining One

Shops:
D:8 ?

Annotations:
Orc:2 warlord!


Innate Abilities, Weirdness & Mutations

You have a short attention span.
You have very sharp teeth.
Your uncanny sense of smell can sniff out nearby items.
You are partially covered in yellow scales. (AC +2)
You are dopey. (Int -2)
Your movements are slightly less encumbered by armour. (ER -2)


Message History

The mass of ice explodes!
The iceblast engulfs the tyrant leech.
The tyrant leech is almost dead.
The iceblast engulfs the spriggan rider.
The spriggan rider is moderately wounded.
This wand has 0 charges left.
The tyrant leech bites you but does no damage.
The spriggan rider closely misses you.
Evoke which item? (* to show all) (? for menu, Esc to quit)
Aiming: Corrosive Bolt (will waste charges)
Press: ? - help, Shift-Dir - straight line, f - spriggan rider
Aim: a spriggan rider, wielding a spear and wearing a ring mail (moderately wounded)
The bolt of acid hits the tyrant leech.
The tyrant leech is splashed with acid.
You kill the tyrant leech!
Vehumet accepts your kill.
The bolt of acid misses the spriggan rider.
Evoking this partially-identified wand wasted a few charges.
Your skill with magical items lets you calculate the power of this device...
This wand has 4 charges left.
The spriggan rider hits you from afar with a spear!
You die...

....
....
.... ∆
...
♣♣♣♣.♣
♣.%..♣
♣)†i.♣
♣@...♣
♣♣♣♣♣♣


You could see a spriggan rider.

Vanquished Creatures
  Donald (Swamp:1)
  A minotaur (Lab)
  11 hydras
  Erica (D:10)
  The ghost of claquette the Grappler, a novice TrMo of Qazlal (D:8)
  4 alligators
  A deep troll shaman (Lair:6)
  4 death yaks (Lair:6)
  A catoblepas (Lair:6)
  A two-headed ogre (D:9)
  Urug (Lair:4)
  Nergalle (D:10)
  2 unseen horrors
  A swamp dragon (Swamp:1)
  A spriggan druid (Lair:3)
  Pikel (D:7)
  A wolf spider zombie (D:12)
  A shambling mangrove (Swamp:1)
  2 ugly things (D:11)
  15 slime creatures
  Maurice (D:12)
  Joseph (D:9)
  5 black mambas
  The ghost of Apogee the Digger, a novice GrEE (D:5)
  6 elephants
  13 spiny frogs
  A gargoyle (D:12)
  7 rime drakes
  5 komodo dragons
  3 trolls
  A queen bee (Lair:3)
  5 tyrant leeches
  3 polar bears
  4 bog bodies
  14 blink frogs
  Prince Ribbit (D:7)
  A meliai zombie (D:12)
  9 dream sheep
  Sigmund (D:2)
  8 hippogriffs
  2 spriggans (Swamp:2)
  8 wyverns
  6 basilisks
  13 yaks
  8 vampire mosquitoes
  2 hungry ghosts
  2 wargs (Orc:2)
  4 swamp worms (Swamp:1)
  9 water moccasins
  2 hell hounds (Lair:5)
  2 porcupines (Lair:5)
  9 orc warriors
  A swamp drake (Swamp:2)
  A slave (D:7)
  An eye of draining (D:8)
  A sky beast (D:10)
  3 ice beasts
  5 centaurs
  4 wolves
  4 phantoms
  8 ogres
  13 crocodiles
  A big kobold (D:10)
  18 bullfrogs
  A wyvern zombie (D:11)
  A scorpion (D:5)
  30 killer bees
  4 wights (D:6)
  4 howler monkeys
  A bullfrog zombie (D:9)
  3 crimson imps
  13 jellies
  2 quasits (D:7)
  7 hounds
  6 centaur skeletons
  5 orc priests
  A bullfrog skeleton (D:8)
  4 iguanas
  6 worker ants
  10 orc wizards
  A killer bee zombie (D:6)
  2 hound skeletons
  A mummy (D:5)
  3 worker ant zombies
  4 gnolls (D:7)
  11 adders
  8 shadow imps
  2 oozes
  2 adder skeletons
  An adder zombie (D:9)
  4 worms
  5 dart slugs
  5 leopard geckos
  42 orcs
  7 giant cockroaches
  8 goblins
  8 hobgoblins
  12 jackals
  12 kobolds
  5 quokkas
  A ball python (D:2)
  6 bats
  A frilled lizard (D:3)
  A giant cockroach zombie (D:4)
  3 leopard gecko skeletons
  2 quokka skeletons
  9 rats
  A fungus (Lair:5)
534 creatures vanquished.

Vanquished Creatures (collateral kills)
  A hydra (Swamp:2)
  A centaur warrior (D:10)
  2 two-headed ogres
  2 alligators
  A lindwurm (Lair:6)
  4 elephants
  A black mamba (Lair:5)
  2 torpor snails
  3 spiny frogs
  2 rime drakes (Lair:5)
  A komodo dragon (Lair:5)
  A polar bear (Lair:5)
  A dream sheep (Lair:4)
  6 slime creatures
  8 hippogriffs
  3 tyrant leeches (Swamp:1)
  5 blink frogs
  A spriggan (Swamp:2)
  15 yaks
  2 basilisks
  2 vampire mosquitoes (Swamp:1)
  Grum (Lair:1)
  2 swamp worms
  7 water moccasins
  2 porcupines (Lair:1)
  2 orc warriors (Orc:1)
  2 sky beasts
  3 ogres
  5 wolves
  3 crocodiles
  3 big kobolds
  2 bullfrogs
  2 killer bees (D:11)
  2 orc wizards (Orc:1)
  3 jellies
  A bullfrog skeleton (D:10)
  4 hell rats (Lair:1)
  A worker ant (D:12)
  2 orcs (D:10)
  A jackal (D:10)
  2 kobolds (D:8)
  3 fungi
  4 plants
121 creatures vanquished.

Vanquished Creatures (others)
  A swamp worm (Swamp:2)
  3 slaves (D:7)
  A hound (D:6)
  An orc wizard (D:9)
  An orc (D:7)
  19 fungi
  10 plants
36 creatures vanquished.

Grand Total: 691 creatures vanquished

Notes
Turn   | Place    | Note
-------+----------+-------------------------------------------
     0 | D:1      | nubinia the Gnoll Air Elementalist began the quest for the Orb.
     0 | D:1      | Reached XP level 1. HP: 13/13 MP: 4/4
   235 | D:1      | Reached XP level 2. HP: 10/19 MP: 0/6
   375 | D:1      | Learned a level 2 spell: Swiftness
   402 | D:1      | Reached skill level 5 in Air Magic
  1013 | D:1      | Reached XP level 3. HP: 24/24 MP: 2/7
  1062 | D:1      | Learned a level 3 spell: Static Discharge
  1125 | D:2      | Found a sacrificial altar of Ru.
  1275 | D:2      | Reached XP level 4. HP: 30/30 MP: 3/9
  1335 | D:2      | Learned a level 4 spell: Airstrike
  1410 | D:2      | Reached skill level 4 in Spellcasting
  1917 | D:2      | Found an iron altar of Okawaru.
  2217 | D:2      | Noticed Sigmund
  2625 | D:2      | Reached XP level 5. HP: 35/35 MP: 6/12
  3067 | D:3      | Found an ornate altar of the Wu Jian Council.
  3480 | D:4      | Noticed an ogre
  3488 | D:4      | Killed an ogre
  3488 | D:4      | Reached skill level 1 in Maces & Flails
  3488 | D:4      | Reached skill level 5 in Spellcasting
  3509 | D:4      | Noticed an ogre
  3591 | D:4      | Reached XP level 6. HP: 42/42 MP: 8/13
  3679 | D:4      | Learned a level 1 spell: Magic Dart
  3843 | D:4      | Reached skill level 1 in Fighting
  3980 | D:4      | Reached skill level 5 in Conjurations
  4051 | D:4      | Reached skill level 6 in Spellcasting
  4387 | D:4      | Reached XP level 7. HP: 48/48 MP: 10/16
  4489 | D:5      | Entered Level 5 of the Dungeon
  4507 | D:5      | Reached skill level 7 in Spellcasting
  4940 | D:5      | Learned a level 3 spell: Dazzling Spray
  5022 | D:5      | Noticed Apogee's ghost (novice GrEE)
  5083 | D:5      | Killed Apogee's ghost
  5083 | D:5      | Reached skill level 5 in Dodging
  5083 | D:5      | Reached XP level 8. HP: 22/56 MP: 1/18
  5352 | D:5      | Found a snail-covered altar of Cheibriados.
  5683 | D:5      | Found a staircase to the Ecumenical Temple.
  5693 | Temple   | Entered the Ecumenical Temple
  5786 | Temple   | Became a worshipper of Vehumet
  6406 | D:6      | Found a shimmering altar of Xom.
  6472 | D:6      | Reached skill level 1 in Shields
  6675 | D:6      | Reached XP level 9. HP: 47/67 MP: 14/19
  6676 | D:6      | Reached skill level 5 in Fighting
  6676 | D:6      | Reached skill level 1 in Charms
  7313 | D:7      | Noticed Pikel
  7395 | D:7      | Killed Pikel
  7395 | D:7      | Reached * piety under Vehumet
  7395 | D:7      | Offered knowledge of Freeze by Vehumet.
  7395 | D:7      | Reached skill level 5 in Maces & Flails
  7402 | D:7      | Learned a level 4 spell: Iskenderun's Mystic Blast
  7404 | D:7      | Learned a level 1 spell: Freeze
  7450 | D:7      | Found a blossoming altar of Fedhas.
  7532 | D:7      | Noticed Prince Ribbit
  7647 | D:7      | Reached skill level 5 in Shields
  7753 | D:7      | Killed Prince Ribbit
  7818 | D:7      | Reached XP level 10. HP: 79/79 MP: 5/20
  7838 | D:7      | Found a shadowy altar of Dithmenos.
  7840 | D:7      | Found a white marble altar of Elyvilon.
  8266 | D:8      | Reached skill level 1 in Ice Magic
  8272 | D:8      | Reached skill level 5 in Evocations
  8280 | D:8      | Found Gucuest's Magic Scroll Shop.
  8473 | D:8      | Noticed a two-headed ogre
  8546 | D:9      | Noticed Joseph
  8554 | D:9      | Reached ** piety under Vehumet
  8555 | D:9      | Offered knowledge of Flame Tongue by Vehumet.
  8610 | D:9      | Killed Joseph
  8610 | D:9      | Reached skill level 5 in Ice Magic
  8880 | D:9      | Learned a level 1 spell: Flame Tongue
  8898 | D:9      | Reached skill level 1 in Fire Magic
  9060 | D:9      | Noticed a two-headed ogre
  9081 | D:9      | Killed a two-headed ogre
  9382 | D:9      | Found a deep blue altar of Sif Muna.
  9493 | D:9      | Identified a scroll of acquirement
  9509 | D:9      | Got slimy fire dragon scales
  9520 | D:9      | Identified the +0 fire dragon scales of the End {rF++ rC- MP+9 Int+3} (You found it on level 9 of the Dungeon)
  9755 | D:9      | Upgraded the game from 0.20-a0-1025-g4706f7e to 0.20-a0-1026-gc3ddcbd
  9769 | D:10     | Entered Level 10 of the Dungeon
  9894 | D:10     | Noticed a two-headed ogre
  9943 | D:8      | Found a sparkling altar of Nemelex Xobeh.
  9969 | D:8      | Reached skill level 5 in Armour
  9985 | D:8      | Found a staircase to the Lair.
 10009 | D:8      | Noticed claquette's ghost (novice TrMo)
 10021 | Lair:1   | Entered Level 1 of the Lair of Beasts
 10146 | Lair:1   | Noticed a spiny frog
 10150 | Lair:1   | Killed a spiny frog
 10160 | Lair:1   | Learned a level 1 spell: Animate Skeleton
 10180 | Lair:1   | Noticed a spiny frog
 10235 | Lair:1   | Killed a spiny frog
 10235 | Lair:1   | Reached skill level 1 in Necromancy
 10235 | Lair:1   | Reached XP level 11. HP: 54/84 MP: 18/21
 10533 | Lair:1   | Offered knowledge of Inner Flame by Vehumet.
 10536 | Lair:1   | Noticed Grum
 10547 | Lair:1   | Killed Grum
 10638 | Lair:1   | Gained mutation: Your movements are slightly less encumbered by armour. (ER -2) [potion of mutation]
 10638 | Lair:1   | Gained mutation: You are dopey. (Int -2) [potion of mutation]
 10638 | Lair:1   | Gained mutation: You are partially covered in yellow scales. (AC +2) [potion of mutation]
 10905 | Lair:1   | Reached *** piety under Vehumet
 11114 | Lair:1   | Reached skill level 8 in Spellcasting
 11166 | Lair:1   | Learned a level 2 spell: Searing Ray
 11342 | D:8      | Killed claquette's ghost
 11390 | D:8      | Reached skill level 5 in Staves
 11523 | D:8      | Offered knowledge of Conjure Flame by Vehumet.
 11529 | D:8      | Learned a level 3 spell: Conjure Flame
 11553 | D:8      | Killed a two-headed ogre
 11819 | D:8      | Found an ancient bone altar of Kikubaaqudgha.
 11820 | D:8      | Found a glowing silver altar of Zin.
 12060 | D:2      | Killed Sigmund
 12515 | Lair:2   | Reached **** piety under Vehumet
 12515 | Lair:2   | Reached skill level 9 in Spellcasting
 12710 | Lair:2   | Offered knowledge of Olgreb's Toxic Radiance by Vehumet.
 12719 | Lair:2   | Reached skill level 5 in Fire Magic
 12719 | Lair:2   | Reached XP level 12. HP: 91/91 MP: 25/25
 12903 | Lair:2   | Reached skill level 5 in Necromancy
 13175 | Lair:2   | Found a hole to the Spider Nest.
 13552 | Lair:3   | Found a labyrinth entrance.
 13614 | Lab      | Entered a labyrinth
 13993 | Lab      | Noticed a minotaur
 14003 | Lab      | Killed a minotaur
 14005 | Lab      | Got a slimy brass amulet
 14008 | Lab      | Got an encrusted hunting sling
 14015 | Lab      | Got a steaming amber ring
 14016 | Lab      | Identified the +7 hunting sling of Debt {velocity, rC- MR+ Int+7} (You took it off a minotaur in a labyrinth)
 14371 | Lair:3   | Found a staircase to the Swamp.
 14756 | D:8      | Bought a scroll of blinking for 105 gold pieces
 14756 | D:8      | Bought a scroll of blinking for 105 gold pieces
 14756 | D:8      | Bought a scroll of identify for 28 gold pieces
 14756 | D:8      | Bought a scroll of identify for 28 gold pieces
 14756 | D:8      | Identified the amulet "Nadidomo" {Faith rN++} (You took it off a minotaur in a labyrinth)
 14759 | D:8      | Identified the ring of Temptation {rF+ rN+ MR+ Dex+5 Slay-4} (You found it in a labyrinth)
 14851 | Lair:3   | Noticed an eight-headed hydra
 14999 | Lair:3   | Noticed a four-headed hydra
 15045 | Lair:3   | Killed a four-headed hydra
 15270 | Lair:3   | Killed an eight-headed hydra
 15270 | Lair:3   | Reached ***** piety under Vehumet
 15278 | Lair:3   | Learned a level 3 spell: Vampiric Draining
 15285 | Lair:3   | Offered knowledge of Bolt of Magma by Vehumet.
 15616 | Lair:4   | Reached XP level 13. HP: 83/96 MP: 26/26
 15763 | Lair:4   | Learned a level 4 spell: Sticky Flame
 15925 | Lair:4   | Noticed Urug
 15939 | Lair:4   | Killed Urug
 16716 | Lair:5   | Found a staircase to the Slime Pits.
 17130 | Lair:5   | HP: 3/96 [wyvern (7)]
 17197 | Lair:5   | Offered knowledge of Ozocubu's Refrigeration by Vehumet.
 17628 | Lair:5   | Reached skill level 1 in Slings
 18127 | Lair:6   | Entered Level 6 of the Lair of Beasts
 18396 | Lair:6   | Offered knowledge of Orb of Destruction by Vehumet.
 18396 | Lair:6   | Reached skill level 5 in Slings
 18623 | Lair:5   | Reached XP level 14. HP: 79/105 MP: 10/27
 19853 | Lair:6   | Reached skill level 5 in Charms
 20547 | D:10     | Noticed Nergalle
 20560 | D:10     | Killed Nergalle
 20609 | D:10     | Offered knowledge of Bolt of Fire by Vehumet.
 21271 | D:10     | Noticed Erica
 21277 | D:10     | Killed Erica
 21346 | D:11     | Found a staircase to the Orcish Mines.
 21516 | D:11     | Identified the +2 leather armour "Sudyu" {Dex+3} (You found it on level 11 of the Dungeon)
 22427 | Orc:1    | Entered Level 1 of the Orcish Mines
 22824 | Orc:2    | Entered Level 2 of the Orcish Mines
 22853 | Orc:2    | Offered knowledge of Bolt of Cold by Vehumet.
 22855 | Orc:2    | Noticed an orc warlord
 22932 | D:12     | Found a sacrificial altar of Ru.
 23053 | D:12     | Noticed Maurice
 23067 | D:12     | Killed Maurice
 23189 | D:12     | Got a pair of polished gloves
 23195 | D:12     | Identified the +0 pair of gloves of the Cicada {*Slow Dex+2 Stlth+} (You acquired it on level 12 of the Dungeon)
 23405 | D:12     | Reached skill level 10 in Spellcasting
 23446 | D:12     | Upgraded the game from 0.20-a0-1026-gc3ddcbd to 0.20-a0-1034-gb277f92
 23603 | Swamp:1  | Entered Level 1 of the Swamp
 23695 | Lair:3   | Reached XP level 15. HP: 67/113 MP: 5/29
 24190 | Swamp:1  | Learned a level 4 spell: Control Undead
 25468 | Swamp:1  | Offered knowledge of Conjure Ball Lightning by Vehumet.
 25939 | Swamp:1  | Noticed Donald
 25951 | Swamp:1  | Killed Donald
 27224 | Swamp:2  | Slain by a spriggan rider

Vault maps used:
D:1:      dpeg_arrival_round_a
D:2:      minmay_diamond_boxcup, okawaru_gym_becter,
          nicolae_ru_great_annihilating_truth, uniq_sigmund
D:3:      marbit_many_paths, first_bread
D:5:      slow_altar_1, temple_green
D:6:      xom_confusion_cloud
D:7:      grunt_temple_overflow_open, fedhas_altar_3,
          kennysheep_opposing_triangles, uniq_pikel, uniq_prince_ribbit1
D:8:      gammafunk_temple_overflow_statue, nemelex_xobeh_ov_fountains_minmay,
          david_lair_generic, serial_shops, shop
D:9:      tgw_sif, dk_rats_in_the_wall, uniq_joseph
D:10:     hangedman_ranch, kennysheep_small_spiral, nrook_mini_backslash,
          serial_bayou_pond_e, uniq_nergalle, uniq_erica
D:11:     orc_0_dummy
D:12:     serial_park, lemuel_tele_altar, uniq_maurice
Temple:   minmay_temple_curvy_loop
Lair:1:   uniq_grum
Lair:2:   dummy_spider_entry, lemuel_fruit_fields, lemuel_fruit_tree
Lair:3:   minmay_swamp_entry_swarm, lab_entry_generic, beast_lair_carwin_6
Lair:4:   uniq_urug
Lair:5:   minmay_slime_entry_jelly_boxes, serial_bayou_pond_e,
          grunt_megastairs_2
Lair:6:   grunt_lair_end_beastmaster, grunt_megastairs_3
Swamp:1:  evilmike_swamp_ruin_house_1, uniq_donald
Swamp:2:  hangedman_swamp_ruin_hall, swamp_pool3, nicolae_swamp_spriggan_camp
Orc:1:    serial_shops, shop, uniq_erolcha
Orc:2:    pf_orc_diabolical
Lab:      labyrinth_spiral

Skill      XL: |  1  2  3  4  5  6  7  8  9 10 11 12 13 14 15 |
---------------+----------------------------------------------+-----
Air Magic      | 5 6 7 8 9 |  9.3
Stealth        | 3 6 7 8 |  8.3
Conjurations   | 2 3 4 5 7 8 9 |  9.0
Spellcasting   | 4 5 6 7 9 10 | 10.0
Maces & Flails | 1 3 6 7 |  7.4
Fighting       | 1 4 7 8 9 |  9.6
Dodging        | 5 7 8 9 |  9.0
Shields        | 1 6 7 |  7.9
Charms         | 3 6 8 |  8.1
Evocations     | 4 5 6 7 8 |  8.3
Ice Magic      | 6 8 |  8.3
Fire Magic     | 3 5 7 8 |  8.9
Staves         | 3 6 8 |  8.8
Armour         | 7 9 |  9.0
Necromancy     | 1 4 7 9 |  9.9
Slings         | 5 8 |  8.4

Action                   |  1- 3 |  4- 6 |  7- 9 | 10-12 | 13-15 || total
-------------------------+-------+-------+-------+-------+-------++-------
Melee: Whip              |    10 |    21 |    25 |    35 |       ||    91
       Bite              |       |       |     4 |    53 |   104 ||   161
       Quarterstaff      |       |       |       |   472 |   851 ||  1323
 Fire: Hunting sling     |       |       |       |       |   153 ||   153
Throw: Javelin           |       |       |       |       |     2 ||     2
 Cast: Shock             |    50 |   131 |   196 |   194 |   176 ||   747
       Static Discharge  |       |     3 |    14 |    21 |    11 ||    49
       Airstrike         |       |       |    10 |   160 |   229 ||   399
       Swiftness         |       |       |     1 |     1 |     1 ||     3
       Animate Skeleton  |       |       |       |    42 |   125 ||   167
       Conjure Flame     |       |       |       |    10 |    18 ||    28
       Vampiric Draining |       |       |       |     2 |   130 ||   132
       Sticky Flame      |       |       |       |       |    65 ||    65
       Iskenderun's Myst |       |       |       |       |     4 ||     4
       Searing Ray       |       |       |       |       |     1 ||     1
Evoke: Wand              |       |       |     3 |    16 |    53 ||    72
  Use: Scroll            |       |     8 |     2 |    14 |    18 ||    42
       Potion            |       |     2 |     2 |    11 |     4 ||    19
 Stab: Sleeping          |     1 |     1 |       |     7 |     5 ||    14
       Distracted        |       |       |       |     3 |    10 ||    13
       Paralysed         |       |       |       |       |     3 ||     3
       Confused          |       |       |       |       |     1 ||     1
       Petrified         |       |       |       |       |     5 ||     5
  Eat: Chunk             |     1 |    10 |    12 |    29 |    45 ||    97
       Royal jelly       |       |       |       |     2 |       ||     2
       Fruit             |       |       |       |     2 |     6 ||     8
       Meat ration       |       |       |       |     1 |     1 ||     2
Armor: Robe              |     2 |     5 |    13 |    13 |       ||    33
       Fire dragon scale |       |       |       |   255 |   512 ||   767
       Skin              |       |       |       |     5 |       ||     5
Dodge: Dodged            |    13 |    16 |    64 |   351 |   840 ||  1284
Block: Other             |       |       |     8 |    72 |       ||    80
       Reflection        |       |       |     1 |     1 |       ||     2
